AoeStats
← fina_fox

Socotra

506242865Analyzed
3v3 RM · 18d ago on Sep 12, 2026· 26m 42s· 6 players
Game mode
Random Map
Map size
128×128
Population
200
Speed
Normal
Resources
Standard
Victory
Conquest
Starting age
Dark Age
Ending age
Imperial Age
RankedLock teamsTeams togetherTeam positionsShared explorationLock speedFull tech treeHidden civsTurbo modeCheats
Victory
Defeat
🇺🇸 Romans · United States
838
+13
🇪🇸 Tupi · Spain
772
+16
🇹🇷 Maya · Türkiye
757
+16
🇮🇹 Bohemians · Italy
815
-17
🇮🇹 Huns · Italy
783
-16
🇮🇹 Turks · Italy
693
-12
teotto92
4:27 Loom
14:59 Feudal Age
17:35 Wheelbarrow
19:42 Town Watch
19:53 Double-Bit Axe
Ponek_from_Namek
8:47 Loom
10:59 Feudal Age
16:18 Castle Age
26:41 Fletching
fina_fox
2:31 Loom
11:01 Feudal Age
golgi
6:47 Loom
16:51 Feudal Age
17:52 Double-Bit Axe
23:41 Fletching
26:41 Padded Archer Armor
Mameluco
2:35 Loom
9:18 Feudal Age
18:51 Castle Age
17:00 Stone Mining
17:06 Double-Bit Axe
20:56 Bow Saw
20:27 Horse Collar
21:03 Fletching
22:10 Gold Mining
26:06 Bodkin Arrow
Nicotine
10:20 Feudal Age
10:23 Loom
11:16 Man-at-Arms
14:01 Scale Mail Armor
15:10 Forging
17:44 Horse Collar
17:51 Double-Bit Axe
Connection lost

Rejoining the realm…

Still unreachable

The connection could not be restored.

Session expired

The server has moved on; the page needs a fresh start.